 Dungeon Crawl Stone Soup version 0.27.0-1-g7a089689b8 (webtiles) character file.

Game seed: 11018755143106848262

7 Tutankhamun the Sneak (level 2, -2/17 HPs)
             Began as a Kobold Brigand on Aug 15, 2021.
             Slain by a quokka (4 damage)
             ... on level 1 of the Dungeon.
             The game lasted 00:00:33 (179 turns).

Tutankhamun the Sneak (Kobold Brigand)               Turns: 179, Time: 00:00:33

Health: -2/17      AC:  3    Str:  8    XL:     2   Next: 10%
Magic:  2/2        EV: 14    Int: 12    God:
Gold:   25         SH:  0    Dex: 16    Spells: 1/1 levels left

rFire    . . .     SeeInvis .   a - +2 dagger
rCold    . . .     Faith    .   (shield restricted)
rNeg     . . .     Spirit   .   b - +0 robe
rPois    .         Reflect  .   (no helmet)
rElec    .         Harm     .   c - +0 cloak
rCorr    .         Rampage  .   (no gloves)
Will     .....                  (no boots)
Stlth    ++++......             (no amulet)
HPRegen  0.05/turn              (no ring)
MPRegen  0.08/turn              (no ring)

@: no status effects
A: small, no large weapons, nightstalker 3
a: no special abilities


You were on level 1 of the Dungeon.
You visited 1 branch of the dungeon, and saw 1 of its levels.

You collected 25 gold pieces.

Inventory:

Hand Weapons
 a - a +2 dagger (weapon)
Missiles
 d - 6 poisoned darts (quivered)
 e - 2 curare-tipped darts
Armour
 b - a +0 robe (worn)
 c - a +0 cloak (worn)
Scrolls
 g - a scroll of identify {unknown}
Potions
 f - a potion of haste {unknown}


   Skills:
 + Level 2.3 Fighting
 * Level 3.1 Short Blades
 - Level 2.1 Throwing
 * Level 1.8 Dodging
 - Level 5.3 Stealth


You had one spell level left.
You didn't know any spells.
Your spell library was empty.

Dungeon Overview and Level Annotations

Branches:
Dungeon (1/15)

Altars:


Innate Abilities, Weirdness & Mutations

You are small and have problems with some larger weapons.
You are completely attuned to the shadows.


Message History

The quokka is heavily wounded.
The quokka barely misses you. The giant cockroach misses you.
You hit the quokka but do no damage.
The quokka is heavily wounded.
The quokka bites you.
* * * LOW HITPOINT WARNING * * *
The giant cockroach barely misses you.
Unknown command.
Throw: 7 darts (poison)
Press: ? - help, Q - select action, (/) - cycle Shift-Dir - straight line, f/p - quokka
Aim: a quokka (severely wounded, poisoned, 51% to hit)
You throw a poisoned dart.
The poisoned dart barely misses the quokka.
The quokka barely misses you.
The giant cockroach bites you but does no damage.
You barely miss the quokka.
The quokka is almost dead.
You kill the quokka!
A quokka comes into view.
The giant cockroach closely misses you.
Things that are here:
a poisoned dart; a quokka corpse The giant cockroach bites you but does no damage.
You see here a poisoned dart.
You hit the giant cockroach but do no damage.
The giant cockroach is heavily wounded.
The giant cockroach bites you.
* * * LOW HITPOINT WARNING * * *
A goblin comes into view. It is wielding a +0 club.
The giant cockroach barely misses you.
The giant cockroach bites you but does no damage.
The giant cockroach bites you.
* * * LOW HITPOINT WARNING * * *
The giant cockroach barely misses you. The giant cockroach barely misses you.
The giant cockroach barely misses you. The quokka bites you.
* * * LOW HITPOINT WARNING * * *
The quokka bites you.
You die...

#.#########.# ##.#########.#
#..........#.#
#..##.....†..#######
####..##..............#
................#####.#########
...#...###.##.#.# #.........#
.g.w.)..##.##.#.#############.#
.#.#.........K.B@...# ##.##
.#†#....##r.##.r##..# ##...##
.#.##..## #...r## .# #.....#
.#(##..# ##g.## . ........
#.##...## #..# ##....†#
#.##....###..### ##....#
#(##..#.......... ##.#.#
.#.##..#.......... #.#.#
.........###..###. #....


You could see 2 quokkas, a giant cockroach, a goblin and a kobold.

Vanquished Creatures
  A goblin (D:1)
  A hobgoblin (D:1)
  A quokka (D:1)
  2 ball pythons (D:1)
  2 frilled lizards (D:1)
  A kobold (D:1)
8 creatures vanquished.

Notes
Turn   | Place    | Note
-------+----------+-------------------------------------------
     0 | D:1      | Tutankhamun the Kobold Brigand began the quest for the Orb.
     0 | D:1      | Reached XP level 1. HP: 12/12 MP: 1/1
     9 | D:1      | Noticed an electric eel
   129 | D:1      | Reached XP level 2. HP: 17/17 MP: 2/2
   179 | D:1      | Slain by a quokka

Illustrated notes

Levels and vault maps discovered:
D:1:      arrival_aquarium_a, layout_loops_ring, palyth_stone_intersect

Skill      XL: |  1 |
---------------+----+-----
Short Blades   | 3 |  3.1
Fighting       | |  2.3
Throwing       | |  2.1
Dodging        | |  1.8
Stealth        | |  5.3

Action                   || total
-------------------------++-------
Melee: Dagger            ||    34
Throw: Dart              ||     2
 Stab: Distracted        ||     1
Armor: Robe              ||    12
Dodge: Dodged            ||    42
